 Dungeon Crawl Stone Soup version 0.31-a0-564-g3b7de120b3 (webtiles) character file.

Game seed: 6085313285163275720

1048 lunkers the Martial Artist (level 8, -1/59 HPs)
             Began as a Meteoran Shapeshifter on Aug 17, 2023.
             Shot with an arrow by a centaur (7 damage)
             ... on level 6 of the Dungeon.
             The game lasted 00:06:11 (2182 turns).

lunkers the Martial Artist (Meteoran Shapeshifter)  Turns: 2182, Time: 00:06:12

Health: -1/59      AC:  5    Str: 17    XL:     8   Next: 79%
Magic:  9/9        EV: 12    Int:  9    God:
Gold:   354        SH:  0    Dex: 17    Spells: 7/7 levels left

rFire   . .          .
                       - Unarmed
rCold   . . .        (no shield)
rNeg    . . .        o - +2 leather armour {Will+}
rPois   .            (helmet currently unavailable)
rElec   .            (cloak currently unavailable)
rCorr   .            (gloves currently unavailable)
SInv    +            (boots currently unavailable)
Will    ++...        (no amulet)
Stlth   +            j - ring of see invisible
HPRegen 0.29/turn    (no ring)
MPRegen 0.11/turn

%: no passive effects
@: beast-form, glowing
A: beast (slay +4), sense surroundings 1, otherworldly, glowing, explore regen
a: Begin Untransformation


You were on level 6 of the Dungeon.
You were a hulking beast.
You visited 1 branch of the dungeon, and saw 6 of its levels.
You also visited: Sewer.

You collected 354 gold pieces.

Inventory:

Armour
 a - a +0 animal skin
 o - a +2 leather armour of willpower (worn)
 s - a scarf of repulsion
 u - a +2 cloak
 x - a +2 cloak
 z - a +2 robe of positive energy
Jewellery
 j - a ring of see invisible (left hand)
 k - the amulet of Elemental Vulnerability {rPois rF-- rC-- AC+8}
   (You found it on level 2 of the Dungeon)

   [amulet of nothing]

   AC+8:      It affects your AC (+8).
   rF--:      It makes you very vulnerable to fire.
   rC--:      It makes you very vulnerable to cold.
   rPois:     It protects you from poison
 v - a ring of fire
Talismans
 c - a beast talisman (active)
 d - a flux talisman
Wands
 b - a wand of flame (25)
 r - a wand of iceblast (7)
Scrolls
 f - 5 scrolls of teleportation
 l - a scroll of poison
 t - a scroll of fear
 w - a scroll of enchant weapon
 y - 2 scrolls of immolation
Potions
 e - 4 potions of haste
 g - 2 potions of attraction
 h - 2 potions of cancellation {unknown}
 i - a potion of resistance {unknown}
 m - a potion of curing
 n - a potion of invisibility {unknown}
 p - a potion of berserk rage {unknown}
 q - a potion of might {unknown}


   Skills:
 - Level 1.1 Fighting
 - Level 2.1 Dodging
 * Level 9.9 Unarmed Combat
 + Level 6.5 Shapeshifting


You had 7 spell levels left.
You didn't know any spells.
Your spell library contained the following spells:

 Spells                   Type           Power      Damage    Failure   Level
 Wereblood                Tmut           0%         N/A       58%         2
 Irradiate                Conj/Tmut      0%         3d11      100%        5


Dungeon Overview and Level Annotations

Branches:
Dungeon (6/15) Zot: 1830    Sewer (visited)
 Temple: D:4-7

Altars:
Nemelex Xobeh
Xom
Zin
The Shining One

Shops:
D:3 [


Innate Abilities, Weirdness & Mutations

You are a hulking beast.
Your limbs bulge with bestial killing power. (Slay +4)
You passively map a small area around you.
You are easily found by Zot.
You glow in the dark.
You regain HP and MP as you explore.


Message History

You kill the adder!
Aiming: Iceblast
Press: ? - help, Shift-Dir - straight line, f/p - Blork the orc
Aim: Blork the orc, wielding a +3 long sword of distortion and wearing a +2 robe of positive energy (heavily wounded)
The mass of ice explodes!
The iceblast engulfs Blork the orc!!
You kill Blork the orc!
You hear a shout! x2
Things that are here:
a +3 long sword of distortion; a +2 robe of positive energy
z - a +2 robe of positive energy HP restored.
The centaur shoots an arrow.
The arrow hits you!
The centaur shoots an arrow.
The arrow hits you but does no damage.
You see here 8 gold pieces.
You now have 354 gold pieces (gained 8).
The centaur shoots an arrow.
The arrow closely misses you.
The centaur shoots an arrow.
The arrow hits you!
* * * LOW HITPOINT WARNING * * *
The centaur shoots an arrow.
The arrow barely misses you.
The centaur shoots an arrow.
The arrow misses you.
The centaur shoots an arrow.
The arrow hits you!
* * * LOW HITPOINT WARNING * * *
The centaur shoots an arrow.
The arrow closely misses you.
The centaur shoots an arrow.
The arrow hits you.
* * * LOW HITPOINT WARNING * * *
The centaur shoots an arrow.
The arrow hits you!
* * * LOW HITPOINT WARNING * * *
The centaur shoots an arrow.
The arrow hits you.
* * * LOW HITPOINT WARNING * * *
The centaur shoots an arrow.
The arrow barely misses you.
Aiming: Iceblast
Press: ? - help, Shift-Dir - straight line The mass of ice explodes!
The iceblast engulfs the centaur!
The centaur is heavily wounded.
The iceblast engulfs the centaur!
The centaur is heavily wounded.
The centaur shoots an arrow.
The arrow hits you!
* * * LOW HITPOINT WARNING * * *
The centaur shoots an arrow.
The arrow hits you!
You die...

* * ##############
#.............
.#.############ *
#########.#.#
......... #.# ##
#......###.### #. ,
+............#
#######. ,
#.....h###.#.#
#......) ,
........#...#.#
#......#
######......#,#
#......# ,
#....#.#,###......# *
#≈≈≈≈≈≈# #<#......#
≈≈≈≈≈≈≈≈≈ #........#
,*
≈≈≈≈≈cc≈≈≈≈≈....#####
* ≈≈.####.≈≈≈≈≈≈..# *
* * ≈.# ,#.≈≈≈≈≈≈≈...


You could see 2 centaurs.

Vanquished Creatures
  Edmund (D:4)
  A water moccasin (D:5)
  An ogre (D:5)
  A phantom (D:4)
  Blork the orc (D:6)
  A scorpion (D:4)
  A crimson imp (D:3)
  A hound (D:4)
  Crazy Yiuf (D:4)
  Ijyb (D:4)
  4 iguanas
  3 orc wizards
  Robin (D:3)
  11 adders
  3 river rats (Sewer)
  4 worms
  A dart slug (D:1)
  4 orcs
  8 bats
  9 endoplasms
  9 giant cockroaches
  9 goblins
  5 hobgoblins
  4 jackals
  4 quokkas
  9 ball pythons
  6 frilled lizards
  A goblin skeleton (D:3)
  A goblin zombie (D:3)
  4 kobolds
  2 kobold skeletons (D:3)
  A kobold zombie (D:3)
  2 orc skeletons (D:3)
  4 rats
119 creatures vanquished.

Notes
Turn   | Place    | Note
-------+----------+-------------------------------------------
     0 | D:1      | lunkers the Meteoran Shapeshifter began the quest for the
                  | Orb.
     0 | D:1      | Reached XP level 1. HP: 16/16 MP: 2/2
   164 | D:1      | Reached XP level 2. HP: 22/23 MP: 3/3
   166 | D:1      | Reached skill level 4 in Unarmed Combat
   337 | D:2      | Found the amulet of Elemental Vulnerability {rPois rF--
                  | rC-- AC+8}
   348 | D:2      | Reached XP level 3. HP: 28/28 MP: 4/4
   573 | D:2      | Reached XP level 4. HP: 34/35 MP: 5/5
   609 | D:3      | Reached skill level 5 in Unarmed Combat
   690 | D:3      | Reached XP level 5. HP: 40/40 MP: 6/6
   727 | D:3      | Noticed Robin
   746 | D:3      | Killed Robin
   748 | D:3      | Reached skill level 6 in Unarmed Combat
   764 | D:3      | Found a glowing golden altar of the Shining One.
   784 | D:3      | Reached XP level 6. HP: 34/47 MP: 7/7
   873 | D:3      | Found Zilozerph's Antique Armour Emporium.
   907 | D:4      | Found a runed translucent door.
   908 | D:4      | Noticed Crazy Yiuf
   918 | D:4      | Killed Crazy Yiuf
   953 | D:4      | Found a glowing drain.
   968 | D:4      | Reached skill level 5 in Shapeshifting
   968 | D:4      | Found a glowing silver altar of Zin.
   974 | D:4      | Reached skill level 7 in Unarmed Combat
   974 | D:4      | Reached XP level 7. HP: 21/52 MP: 8/8
  1005 | Sewer    | Entered a sewer
  1510 | D:4      | Reached skill level 8 in Unarmed Combat
  1578 | D:4      | Noticed Ijyb
  1592 | D:4      | Killed Ijyb
  1594 | D:4      | Noticed Edmund
  1601 | D:4      | Killed Edmund
  1602 | D:4      | Reached XP level 8. HP: 51/59 MP: 9/9
  1675 | D:4      | Found a shimmering altar of Xom.
  1712 | D:4      | Reached skill level 9 in Unarmed Combat
  1872 | D:4      | Found a sparkling altar of Nemelex Xobeh.
  1891 | D:5      | Entered Level 5 of the Dungeon
  2140 | D:6      | Noticed Blork the orc
  2144 | D:6      | Killed Blork the orc
  2182 | D:6      | Shot with an arrow by a centaur

Illustrated notes

Levels and vault maps discovered:
D:1:      lemuel_arrival_rhombus, layout_loops_ring, serial_rivers,
          chequers_serial_rivers_small_3, chequers_serial_rivers_marsh,
          chequers_serial_rivers_room_b, chequers_serial_rivers_room_b,
          dreamdust_wishing_well
D:2:      layout_rooms, minmay_tromino_v4_b
D:3:      layout_loops_ring, nicolae_tso_besieged_by_evil, serial_shops, shop,
          minmay_distorted, uniq_robin
D:4:      layout_basic, mainiacjoe_overflow_tiny_flanked,
          mainiacjoe_overflow_cross_hatched, nemelex_dance_club_becter,
          gup_sewer_entry_glass, uniq_edmund, uniq_ijyb, uniq_crazy_yiuf_cottage
D:5:      layout_basic
D:6:      layout_basic, nzn_wu_jian_contemplation, centaur_isle,
          uniq_blork_the_orc

Skill      XL: |  1  2  3  4  5  6  7  8 |
---------------+-------------------------+-----
Unarmed Combat | 4 5 6 7 8 9 |  9.9
Shapeshifting  | 4 5 6 |  6.5
Fighting       | |  1.1
Dodging        | |  2.1

Action                     |  1- 3 |  4- 6 |  7- 9 || total
---------------------------+-------+-------+-------++-------
  Melee: Unarmed           |    58 |    96 |   158 ||   312
         Punch             |     1 |     6 |     5 ||    12
  Evoke: Wand              |       |       |     3 ||     3
    Use: Scroll            |       |     1 |    10 ||    11
         Potion            |       |       |     1 ||     1
 Armour: Animal skin       |    10 |    14 |    21 ||    45
         Skin              |       |       |    10 ||    10
         Leather armour    |       |       |     7 ||     7
  Dodge: Dodged            |    32 |    38 |   102 ||   172

Table legend: (Time is in decaauts)
 A = Elapsed time spent in this place.
 B = Non-inter-level travel time spent in this place.
 C = Inter-level travel time spent in this place.
 D = Time resting spent in this place.
 E = Time spent auto-exploring this place.
 F = Levels seen in this place.
 G = Mean time per level.
                   A        B        C        D        E       F      G
               +--------+--------+--------+--------+--------+-----+--------+
         Total |   2237 |   2206 |     31 |     15 |   1171 |   7 |  319.6 |
       Dungeon |   1768 |   1737 |     31 |     15 |   1038 |   6 |  294.7 |
         Sewer |    468 |    468 |      0 |      0 |    132 |   1 |  468.0 |
               +--------+--------+--------+--------+--------+-----+--------+

Top non-repeatable levels by time:
     D:4: 608 daAuts
   Sewer: 468 daAuts
     D:1: 337 daAuts
     D:3: 285 daAuts
     D:2: 249 daAuts
     D:5: 238 daAuts
     D:6: 48 daAuts
